 Dungeon Crawl Stone Soup version 0.20.1-1-g8b1a95d (webtiles) character file.

33 Jazqa the Skirmisher (level 3, -1/34 HPs)
             Began as a Naga Fighter on Oct 28, 2017.
             Slain by a hobgoblin
             ... wielding a +0 club
             ... led by Robin
              (3 damage)
             ... on level 2 of the Dungeon.
             The game lasted 00:01:35 (1136 turns).

Jazqa the Skirmisher (Naga Fighter)                 Turns: 1136, Time: 00:01:35

Health: -1/34      AC:  4    Str: 19    XL:     3   Next: 29%
Magic:  3/3        EV:  5    Int:  8    God:
Gold:   45         SH:  8    Dex: 10    Spells: 2/2 levels left

rFire    . . .     SeeInvis +   a - +0 long sword
rCold    . . .     Gourm    .   c - +0 shield
rNeg     . . .     Faith    .   b - +0 scale mail
rPois    +         Spirit   .   (no helmet)
rElec    .         Reflect  .   (no cloak)
rCorr    .         Harm     .   (no gloves)
MR       .....                  (no barding)
Stlth    ..........             (no amulet)
Regen    0.2/turn               (no ring)
MPRegen  0.1/turn               (no ring)

@: very slow
A: see invisible, deformed body, poison resistance, slowness 2, slow metabolism
1, spit poison 1, AC +1
a: Spit Poison


You were on level 2 of the Dungeon.
You were hungry.

You visited 1 branch of the dungeon, and saw 2 of its levels.

You collected 45 gold pieces.


Innate Abilities, Weirdness & Mutations

You cannot wear boots.
Your serpentine skin is tough. (AC +1)
You have supernaturally acute eyesight. (SInv)
Armour fits poorly on your strangely shaped body.
Your system is resistant to poisons. (rPois)
You cover ground very slowly.
You have a slow metabolism.
You can spit poison.


   Skills:
 + Level 3.6 Fighting
 + Level 2.9 Long Blades
 - Level 2.4 Armour
 - Level 2.4 Shields


You had 2 spell levels left.
You didn't know any spells.

Inventory:

Hand Weapons
 a - a +0 long sword (weapon)
Armour
 b - a +0 scale mail (worn)
 c - a +0 shield (worn)
Scrolls
 e - a scroll of amnesia {unknown}
 j - a scroll of remove curse {unknown}
Potions
 d - a potion of might
Comestibles
 f - a bread ration {@e1}
 i - a fruit {@e2}
 k - a meat ration {@e1}

Dungeon Overview and Level Annotations

Branches:
Dungeon (2/15)

Altars:

Annotations:
D:2 Robin

...... ......
........ ......
.......# ....
....#. ... .....
#.#####....
#.gr#..)...
#g@g.#.##
#ggg##..#
##gg.S..#
#.###.%## # #.#
#...### #.##.#
##g...#####.
#....##
##S.g......#
#...####g####....
#.....##.####....


You could see Robin, an adder, 2 hobgoblins, 5 goblins and a rat.


Message History

The goblin hits you.
* * * LOW HITPOINT WARNING * * *
You block the hobgoblin's attack. The goblin hits you with a dagger.
* * * LOW HITPOINT WARNING * * *
Unknown command.
The adder hisses angrily.
The goblin barely misses you.
You riposte.
You are feeling hungry.
You closely miss the goblin. The goblin hits you with a dagger.
* * * LOW HITPOINT WARNING * * *
You block the rat's attack. You block the goblin's attack.
Robin throws the goblin at you!
The hobgoblin hits you but does no damage.
The goblin hits you.
* * * LOW HITPOINT WARNING * * *
There is a stone staircase leading up, spattered with blood here.
You see here a goblin corpse.
Unknown command.
Okay, then.
You slash the goblin!
You kill the goblin!
The goblin hits you but does no damage. You block the rat's attack.
The goblin barely misses you.
You riposte.
You barely miss the goblin. You block the hobgoblin's attack.
The goblin hits you with a dagger.
* * * LOW HITPOINT WARNING * * *
You block the rat's attack.
Unknown command.
You have got your breath back.
The goblin hits you but does no damage. x2; The hobgoblin hits you with a club.
You die...

Action                   || total
-------------------------++-------
Melee: Long sword        ||    90
 Abil: Spit Poison       ||     3
  Use: Potion            ||     1
Armor: Scale mail        ||    41
Dodge: Dodged            ||    34
Block: Shield            ||    69
       Rpst.: Long sword ||    11

Vault maps used:
D:1:      lemuel_arrival_behind_the_door_large, minmay_fountain_box
D:2:      fedhas_altar_1, first_bread, uniq_robin

Notes
Turn   | Place    | Note
-------+----------+-------------------------------------------
     0 | D:1      | Jazqa the Naga Fighter began the quest for the Orb.
     0 | D:1      | Reached XP level 1. HP: 21/21 MP: 1/1
    83 | D:1      | Reached XP level 2. HP: 17/28 MP: 2/2
   390 | D:1      | Reached XP level 3. HP: 33/34 MP: 3/3
   783 | D:2      | Noticed Robin
   804 | D:1      | HP: 1/34 [leopard gecko (3)]
  1135 | D:2      | HP: 2/34 [goblin/dagger[Robin] (4)]
  1136 | D:2      | Slain by a hobgoblin

Vanquished Creatures
  A dart slug (D:1)
  A leopard gecko (D:1)
  9 goblins
  3 hobgoblins (D:1)
  4 jackals (D:1)
  A quokka (D:1)
  4 bats (D:1)
  2 frilled lizards (D:1)
  A kobold (D:1)
  3 rats (D:1)
29 creatures vanquished.
